 Dungeon Crawl Stone Soup version 0.22.1-5-g62c59d9 (webtiles) character file.

171 Fang the Skirmisher (level 5, -6/34 HPs)
             Began as a Gargoyle Berserker on Jan 8, 2019.
             Was a Follower of Trog.
             Mangled by a gnoll
             ... wielding a +0 halberd
              (13 damage)
             ... on level 3 of the Dungeon.
             The game lasted 00:02:41 (2658 turns).

Fang the Skirmisher (Gargoyle Berserker)            Turns: 2658, Time: 00:02:42

Health: -6/34      AC:  6    Str: 22    XL:     5   Next: 51%
Magic:  5/5        EV: 12    Int:  7    God:    Trog [*.....]
Gold:   60         SH:  0    Dex:  9    Spells: 4/4 levels left

rFire    . . .     SeeInvis .   a - +0 hand axe
rCold    . . .     Gourm    .   (no shield)
rNeg     + . .     Faith    .   b - +0 animal skin
rPois    ∞         Spirit   .   (no helmet)
rElec    +         Reflect  .   (no cloak)
rCorr    .         Harm     .   (no gloves)
MR       .....                  (no boots)
Stlth    +.........             (no amulet)
HPRegen  0.11/turn              (no ring)
MPRegen  0.09/turn              (no ring)

@: no status effects
A: negative energy resistance 1, electricity resistance, unbreathing,
petrification resistance, rot immunity, AC +4
a: Berserk, Renounce Religion


You were on level 3 of the Dungeon.
You worshipped Trog.
Trog was aware of your devotion.
You were hungry.

You visited 1 branch of the dungeon, and saw 3 of its levels.

You collected 60 gold pieces.

Inventory:

Hand Weapons
 a - a +0 hand axe (weapon)
Armour
 b - a +0 animal skin (worn)
Jewellery
 l - a +5 ring of strength {unknown}
Scrolls
 e - 6 scrolls of teleportation {unknown}
 f - 2 scrolls of blinking {unknown}
 h - a scroll of fear {unknown}
 i - 4 scrolls of identify {unknown}
 j - a scroll of amnesia {unknown}
Potions
 d - 3 potions of lignification {unknown}
 g - 3 potions of curing {unknown}
 k - a potion of heal wounds {unknown}
Comestibles
 c - 9 rations


   Skills:
 + Level 4.4 Fighting
 + Level 4.0 Axes
 + Level 2.4 Armour
 + Level 2.6 Dodging
 + Level 0.6 Stealth


You had 4 spell levels left.
You didn't know any spells.
Your spell library was empty.

Dungeon Overview and Level Annotations

Branches:
Dungeon (3/15)

Altars:
Vehumet


Innate Abilities, Weirdness & Mutations

You are resistant to torment.
Your stone body is resilient. (AC +4)
You are immune to poison.
You resist negative energy. (rN+)
You are resistant to electric shocks. (rElec)
You can survive without breathing.
You are immune to petrification.
You are immune to rotting.


Message History

You are too injured to fight recklessly!
You are too injured to fight recklessly!
You are too injured to fight recklessly!
You are too injured to fight recklessly!
You are too injured to fight recklessly!
You are too injured to fight recklessly!
You are too injured to fight recklessly!
You are too injured to fight recklessly!
You are too injured to fight recklessly!
You closely miss the gnoll.
The gnoll is heavily wounded.
The gnoll hits you with a halberd.
* * * LOW HITPOINT WARNING * * *
You barely miss the gnoll.
The gnoll is heavily wounded.
The gnoll hits you but does no damage.
You closely miss the gnoll.
The gnoll is heavily wounded.
The gnoll hits you with a halberd!
You die...

# #.#.........#
#...........#
#)..........#
#...##...##.#
#...##...## # #
#...###...#
###.##..####...#.#
........##.......#
#g@.........#
##.##.......#
#.####...### ..#
#...# .... .(>##
###.. .... #..
#### #..#


You could see a gnoll.

Vanquished Creatures
  An orc priest (D:3)
  An orc wizard (D:3)
  7 adders
  2 oozes
  2 leopard geckos (D:3)
  2 orcs (D:3)
  A ball python (D:2)
  3 bats
  A giant cockroach (D:3)
  2 goblins (D:1)
  8 hobgoblins
  5 jackals
  A quokka (D:3)
  A frilled lizard (D:1)
  A kobold (D:2)
  4 rats
42 creatures vanquished.

Notes
Turn   | Place    | Note
-------+----------+-------------------------------------------
     0 | D:1      | Fang the Gargoyle Berserker began the quest for the Orb.
     0 | D:1      | Reached XP level 1. HP: 14/14 MP: 1/1
   340 | D:1      | Reached XP level 2. HP: 18/19 MP: 2/2
  1038 | D:2      | Found a radiant altar of Vehumet.
  1165 | D:2      | Reached XP level 3. HP: 16/23 MP: 3/3
  1689 | D:2      | Reached XP level 4. HP: 19/29 MP: 4/4
  2142 | D:3      | Reached XP level 5. HP: 17/33 MP: 5/5
  2430 | D:3      | Found a faded altar of an unknown god.
  2658 | D:3      | Mangled by a gnoll

Skill      XL: |  1  2  3  4  5 |
---------------+----------------+-----
Axes           | 3 4 |  4.0
Dodging        | 2 |  2.6
Fighting       | 4 |  4.4
Armour         | |  2.4
Stealth        | |  0.6

Action                   |  1- 3 |  4- 6 || total
-------------------------+-------+-------++-------
Melee: Hand axe          |   114 |    92 ||   206
Invok: Berserk           |       |     1 ||     1
  Eat: Chunk             |     2 |     4 ||     6
Armor: Animal skin       |    54 |    36 ||    90
Dodge: Dodged            |    95 |    78 ||   173
